 Dungeon Crawl Stone Soup version 0.26.1-11-gd32895ea62 (webtiles) character file.

Game seed: 5722024602534143277

126 Eitelfritz the Slasher (level 4, 0/38 HPs)
             Began as a Minotaur Gladiator on June 13, 2021.
             Was an Initiate of Okawaru.
             Slain by a gnoll
             ... wielding a +0 spear
              (3 damage)
             ... on level 2 of the Dungeon.
             The game lasted 00:04:05 (1375 turns).

Eitelfritz the Slasher (Minotaur Gladiator)         Turns: 1375, Time: 00:04:05

Health: 0/38       AC:  3    Str: 19    XL:     4   Next: 83%
Magic:  3/3        EV: 13    Int:  6    God:    Okawaru [......]
Gold:   193        SH:  0    Dex: 11    Spells: 3/3 levels left

rFire    . . .     SeeInvis .   a - +0 long sword
rCold    . . .     Faith    .   (no shield)
rNeg     . . .     Spirit   .   b - +0 leather armour
rPois    .         Reflect  .   c - +0 hat
rElec    .         Harm     .   (no cloak)
rCorr    .         Rampage  .   (no gloves)
Will     .....                  (no boots)
Stlth    +.........             (no amulet)
HPRegen  0.12/turn              (no ring)
MPRegen  0.08/turn              (no ring)

@: no status effects
A: retaliatory headbutt, horns 2
a: Renounce Religion


You were on level 2 of the Dungeon.
You worshipped Okawaru.
Okawaru was noncommittal.
You visited 1 branch of the dungeon, and saw 2 of its levels.

You collected 193 gold pieces.

Inventory:

Hand Weapons
 a - a +0 long sword (weapon)
Missiles
 d - 3 throwing nets (quivered)
 j - 10 poisoned darts
Armour
 b - a +0 leather armour (worn)
 c - a +0 hat (worn)
Scrolls
 e - 3 scrolls of remove curse {unknown}
 f - 4 scrolls of identify {unknown}
 h - a scroll of noise {unknown}
 k - a scroll of magic mapping {unknown}
Potions
 g - 3 potions of curing {unknown}
 i - 2 potions of lignification {unknown}
 l - a potion of cancellation {unknown}


   Skills:
 + Level 3.0 Fighting
 + Level 5.4 Long Blades
 + Level 2.2 Throwing
 + Level 1.4 Armour
 + Level 4.1 Dodging
 + Level 0.1 Stealth


You had 3 spell levels left.
You didn't know any spells.
Your spell library was empty.

Dungeon Overview and Level Annotations

Branches:
Dungeon (2/15)

Altars:
Dithmenos
Okawaru


Innate Abilities, Weirdness & Mutations

You reflexively headbutt those who attack you in melee.
You have a pair of horns on your head.


Message History

The gnoll misses you.
Your Fighting skill increases to level 3!
The gnoll hits you with a +0 spear!
* * * LOW HITPOINT WARNING * * *
You see here a +0 halberd.
You completely miss the gnoll. Your headbutt misses the gnoll.
The gnoll hits you with a +0 spear.
* * * LOW HITPOINT WARNING * * *
You hit the gnoll.
The gnoll is lightly wounded.
The gnoll barely misses you.
You hit the gnoll but do no damage.
The gnoll is lightly wounded.
The gnoll closely misses you.
You riposte.
You barely miss the gnoll. You headbutt the gnoll.
The gnoll is severely wounded.
You hit the gnoll but do no damage.
The gnoll is severely wounded.
The gnoll hits you with a +0 spear.
You die...

......(...........##.....#......#
.##......................#.##.#.#
# ######+##....##.....##.#.##....
#....######.§.§#.......
###♣♣♣♣....#.#§♣♣.##.♣♣. ♣. .
♣♣.PP≈§.♣...♣♣♣ ♣. P ##
♣.♣♣♣♣§♣♣♣♣....
#.♣.##.##♣.P♣♣♣..♣.♣.♣♣.
#.P#+.g@'#.[♣....♣..♣...
##.♣##.##.÷...♣..♣♣♣..♣♣
♣.P.♣###.♣.♣.♣..♣♣..P8..
#..♣.♣...♣♣..♣..........
##.♣♣.♣....P♣.P♣...8.⌠.8 .
#...♣..♣.♣♣..P.P.♣...... ..
##..§§♣.♣.♣.♣♣♣..♣♣...8P♣
...######..♣§♣♣.♣.♣..♣.♣..♣.♣P♣♣.
...<...#...P§.§.♣....♣..P.♣..♣...


You could see a gnoll.

Vanquished Creatures
  Natasha (twice) (D:2)
  A gnoll (D:2)
  2 adders (D:2)
  A dart slug (D:2)
  2 leopard geckos
  2 giant cockroaches
  6 goblins
  2 hobgoblins (D:2)
  7 kobolds
  4 quokkas (D:2)
  5 bats
  8 frilled lizards
  3 rats
45 creatures vanquished.

Vanquished Creatures (others)
  36 plants (D:2)
36 creatures vanquished.

Grand Total: 81 creatures vanquished

Notes
Turn   | Place    | Note
-------+----------+-------------------------------------------
     0 | D:1      | Eitelfritz the Minotaur Gladiator began the quest for the
                  | Orb.
     0 | D:1      | Reached XP level 1. HP: 18/18 MP: 0/0
   279 | D:1      | Reached skill level 4 in Long Blades
   279 | D:1      | Reached XP level 2. HP: 25/25 MP: 1/1
   884 | D:2      | Found a shadowy altar of Dithmenos.
   888 | D:2      | Noticed Natasha
   895 | D:2      | Killed Natasha
   896 | D:2      | Reached XP level 3. HP: 28/30 MP: 2/2
   945 | D:2      | Reached skill level 1 in Armour
   977 | D:2      | Found an iron altar of Okawaru.
   999 | D:2      | Became a worshipper of Warmaster Okawaru
  1104 | D:2      | Noticed Natasha
  1107 | D:2      | Killed Natasha
  1108 | D:2      | Reached skill level 5 in Long Blades
  1108 | D:2      | Reached XP level 4. HP: 37/37 MP: 3/3
  1375 | D:2      | Slain by a gnoll

Illustrated notes

Levels and vault maps discovered:
D:1:      minmay_arrival_diagonal_passages, layout_basic
D:2:      wad_woods_tower, layout_basic, grunt_dithmenos_smoke,
          okawaru_ov_weapons_minmay, uniq_natasha

Skill      XL: |  1  2  3  4 |
---------------+-------------+-----
Long Blades    | 4 5 |  5.4
Armour         | 1 |  1.4
Dodging        | 4 |  4.1
Fighting       | 3 |  3.0
Throwing       | |  2.2
Stealth        | |  0.1

Action                   |  1- 3 |  4- 6 || total
-------------------------+-------+-------++-------
Melee: Long sword        |    55 |    26 ||    81
       Headbutt          |     9 |     7 ||    16
Armor: Leather armour    |    15 |     4 ||    19
Dodge: Dodged            |    56 |    22 ||    78
       Rpst.: Long sword |    12 |     7 ||    19
